 Dungeon Sprint DCSS version 0.30-a0-1161-g0704695555 (webtiles) character file.

Game seed: 2341290754004697264

1400000 123456 the Sensei (level 16, -146/145 HPs)
             Began as a Demonspawn Gladiator on Apr 27, 2023.
             Was an Elder of Makhleb.
             Annihilated by a destroyer
             ... wielding a +9 heavy great sword
              (199 damage)
             ... in the Dungeon (Sprint VIII: "Arena of Blood").
             The game lasted 00:00:32 (14 turns).

123456 the Sensei (Demonspawn Gladiator)              Turns: 14, Time: 00:00:32

Health: -146/145   AC:  7    Str: 17    XL:     16   Next: 4%
Magic:  16/16      EV: 31    Int: 10    God:    Makhleb [****..]
Gold:   0          SH:  0    Dex: 20    Spells: 15/15 levels left

rFire   . . .        k - +∞ Axe of Woe
rCold   . . .        (shield currently unavailable)
rNeg    . . .        a - +0 leather armour
rPois   .            b - +0 helmet
rElec   .            (no cloak)
rCorr   .            (no gloves)
SInv    .            (boots unavailable)
Will    +....        (no amulet)
Stlth   +            (no ring)
HPRegen 0.44/turn    (no ring)
MPRegen 0.15/turn

%: no teleportation
@: mighty
A: hooves 3, molten scales 2, powered by pain 1, spiny 3
a: Renounce Religion, Minor Destruction, Lesser Servant of Makhleb, Major
Destruction


You were in the Dungeon.
You worshipped Makhleb.
Makhleb was greatly pleased with you.
You visited 1 branch

Inventory:

Hand Weapons
 k - the +∞ Axe of Woe (weapon)
   (You found it in the Dungeon)
Missiles
 c - 3 throwing nets (quivered)
 d - a javelin
Armour
 a - a +0 leather armour (worn)
 b - a +0 helmet (worn)
Scrolls
 j - a scroll of blinking
Potions
 e - a potion of curing
 f - a potion of heal wounds
 g - a potion of haste
 h - 2 potions of magic
 i - a potion of berserk rage


   Skills:
 + Level 18.7 Fighting
 + Level 16.0 Axes
 + Level 13.4 Throwing
 + Level 26.0 Dodging
 + Level 26.2 Unarmed Combat


You had 15 spell levels left.
You didn't know any spells.
Your spell library was empty.

Dungeon Overview and Level Annotations

Branches:
Dungeon (1/1)

Altars:
Makhleb


Innate Abilities, Weirdness & Mutations

You have hooves in place of feet.
You are mostly covered in molten scales. (AC +3)
You sometimes gain a little power by taking damage.
You are completely covered in sharp spines.


Message History

Your Fighting skill gained 3 levels and is now at level 18!
Your Axes skill gained 5 levels and is now at level 16!
Your Throwing skill increases to level 13!
Your Dodging skill gained 4 levels and is now at level 26!
Your Unarmed Combat skill gained 3 levels and is now at level 26!
You have reached level 15!
Your experience leads to an increase in your attributes!
Increase (S)trength, (I)ntelligence, or (D)exterity?
You feel agile. x2
You have reached level 16!
You feel stronger.
Your demonic ancestry asserts itself...
Sharp spines emerge from your entire body.
Unknown command.
Unknown command.
Unknown command.
You slash the bag of meat!
You pulverise the bag of meat into a thin bloody mist.
You kill the bag of meat!
Makhleb accepts your kill.
You can now hurl Makhleb's greater destruction.
The meat berserker appears out of thin air!
A meat berserker comes into view. It is wielding a +9 battleaxe.
You hear a shout! x4
The destroyer points at you and mumbles some strange words.
The destroyer blinks!
You hear a shout!
A bag of meat comes into view. It is wielding a +9 war axe.
You hear a shout! x3
The meat berserker is struck by your spines.
The meat berserker hits you with a +9 battleaxe!!!
You focus on the pain.
You feel mightier all of a sudden.
You hear a shout!
The bag of meat is struck by your spines.
The bag of meat hits you with a +9 war axe!!
You hear a shout!
The destroyer is struck by your spines.
The destroyer hits you with a +9 heavy great sword!!!!!
Ouch! That really hurt!
You die...

#. ...# #.. ...#
....oO .###..
...###......
......###...........
......_........o...
#.....#§..o...#.
#_O<._#......o..
..#...o.#))O.o.#.#
......_...o@)......
......###)oV.)....#.
.###.......###......
#.....o.# .o....
#.......# .§o..
......... .....
......... ...#
.......... ...#


You could see a destroyer, 3 meat berserkers and 11 bags of meat.

Vanquished Creatures
  6 ogres (D)
  5 orcs (D)
11 creatures vanquished.

Notes
Turn   | Place    | Note
-------+----------+-------------------------------------------
     0 | D        | Found the +∞ Axe of Woe
     0 | D        | 123456 the Demonspawn Gladiator began the quest for the
                  | Orb.
     0 | D        | Reached XP level 1. HP: 16/16 MP: 1/1
     2 | D        | Noticed a bag of meat
     4 | D        | Became a worshipper of Makhleb the Destroyer
     5 | D        | Noticed a meat berserker
     6 | D        | Noticed a bag of meat
     6 | D        | Noticed a bag of meat
     7 | D        | Killed a bag of meat
     7 | D        | Noticed a meat berserker
     7 | D        | Noticed a meat berserker
     8 | D        | Reached skill level 15 in Dodging
     8 | D        | Gained mutation: You are partially covered in molten
                  | scales. (AC +2) [demonic ancestry]
     8 | D        | Reached XP level 2. HP: 34/34 MP: 2/2
     8 | D        | Gained mutation: You sometimes gain a little power by
                  | taking damage. [demonic ancestry]
     8 | D        | Reached XP level 3. HP: 39/39 MP: 3/3
     8 | D        | Gained mutation: You are mostly covered in molten scales.
                  | (AC +3) [demonic ancestry]
     8 | D        | Reached XP level 4. HP: 46/46 MP: 4/4
     8 | D        | Gained mutation: You have large cloven feet. [demonic
                  | ancestry]
     8 | D        | Reached XP level 5. HP: 52/52 MP: 5/5
     8 | D        | Gained mutation: You are partially covered in sharp spines.
                  | [demonic ancestry]
     8 | D        | Reached XP level 6. HP: 58/58 MP: 6/6
     8 | D        | Gained mutation: You have hoof-like feet. [demonic
                  | ancestry]
     8 | D        | Reached XP level 7. HP: 64/64 MP: 7/7
     8 | D        | Reached XP level 8. HP: 71/71 MP: 8/8
     8 | D        | Reached XP level 9. HP: 76/76 MP: 9/9
     8 | D        | Reached XP level 10. HP: 83/83 MP: 10/10
     8 | D        | Noticed a bag of meat
     8 | D        | Noticed a meat berserker
     8 | D        | Noticed a meat berserker
     8 | D        | Noticed a bag of meat
     9 | D        | Killed a meat berserker
     9 | D        | Reached * piety under Makhleb
     9 | D        | Killed a bag of meat
     9 | D        | Noticed a bag of meat
     9 | D        | Noticed a meat berserker
    10 | D        | Reached skill level 10 in Throwing
    10 | D        | Gained mutation: You have hooves in place of feet. [demonic
                  | ancestry]
    10 | D        | Reached XP level 11. HP: 67/96 MP: 11/11
    10 | D        | Gained mutation: You are mostly covered in sharp spines.
                  | [demonic ancestry]
    10 | D        | Reached XP level 12. HP: 71/103 MP: 12/12
    10 | D        | Reached XP level 13. HP: 76/109 MP: 13/13
    10 | D        | Noticed a bag of meat
    10 | D        | Killed a meat berserker
    10 | D        | Killed a bag of meat
    10 | D        | Reached ** piety under Makhleb
    10 | D        | Killed a meat berserker
    10 | D        | Noticed a bag of meat
    11 | D        | Reached skill level 15 in Fighting
    11 | D        | Reached XP level 14. HP: 123/123 MP: 14/14
    11 | D        | Noticed a destroyer
    11 | D        | Noticed a meat berserker
    11 | D        | Noticed a bag of meat
    12 | D        | Noticed a bag of meat
    12 | D        | Noticed a bag of meat
    12 | D        | Noticed a bag of meat
    13 | D        | Killed a meat berserker
    13 | D        | Killed a meat berserker
    13 | D        | Reached *** piety under Makhleb
    13 | D        | Killed a meat berserker
    13 | D        | Killed a bag of meat
    13 | D        | Noticed a bag of meat
    13 | D        | Noticed a bag of meat
    13 | D        | Noticed a bag of meat
    13 | D        | Noticed a bag of meat
    14 | D        | Reached XP level 15. HP: 137/137 MP: 15/15
    14 | D        | Gained mutation: You are completely covered in sharp
                  | spines. [demonic ancestry]
    14 | D        | Reached XP level 16. HP: 145/145 MP: 16/16
    14 | D        | Reached **** piety under Makhleb
    14 | D        | Annihilated by a destroyer

Illustrated notes

Levels and vault maps discovered:
D:        meatsprint

Skill      XL: |  1  2  3  4  5  6  7  8  9 10 11 12 13 14 |
---------------+-------------------------------------------+-----
Fighting       | 9 12 15 18 | 18.7
Axes           | 4 6 11 16 | 16.0
Throwing       | 8 10 12 13 | 13.4
Dodging        | 15 19 22 26 | 26.0
Unarmed Combat | 14 19 23 26 | 26.2

Action                     |  1- 3 |  4- 6 |  7- 9 | 10-12 | 13-15 | 16-18 || total
---------------------------+-------+-------+-------+-------+-------+-------++-------
  Melee: Executioner's axe |     1 |       |       |     1 |     2 |     1 ||     5
  Dodge: Dodged            |       |       |       |       |     1 |       ||     1

Table legend: (Time is in decaauts)
 A = Elapsed time spent in this place.
 B = Non-inter-level travel time spent in this place.
 C = Inter-level travel time spent in this place.
 D = Time resting spent in this place.
 E = Time spent auto-exploring this place.
 F = Levels seen in this place.
 G = Mean time per level.
                   A        B        C        D        E       F      G
               +--------+--------+--------+--------+--------+-----+--------+
         Total |     15 |     15 |      0 |      0 |      0 |   1 |   15.0 |
       Dungeon |     15 |     15 |      0 |      0 |      0 |   1 |   15.0 |
               +--------+--------+--------+--------+--------+-----+--------+

Top non-repeatable levels by time:
       D: 15 daAuts
